 Dungeon Crawl Stone Soup version 0.23.2-1-ga50397a (webtiles) character file.

Game seed: 11473891665033486306

27321 funkygono the Geomancer (level 13, -27/90 (91) HPs)
             Began as a Formicid Earth Elementalist on May 11, 2019.
             Was an Elder of Vehumet.
             Killed from afar by a fire dragon (61 damage)
             ... with a blast of flame
             ... on level 1 of the Lair of Beasts on May 12, 2019.
             The game lasted 01:24:17 (20455 turns).

funkygono the Geomancer (FoEE)                     Turns: 20455, Time: 01:24:18

HP:   -27/90 (91)   AC: 21    Str: 17    XL:     13   Next: 64%
MP:   35/37         EV: 22    Int: 19    God:    Vehumet [****..]
Gold: 1128          SH:  8    Dex: 11    Spells: 11/35 levels left

rFire    x . .     SeeInvis +   o - +3 whip (elec)
rCold    . . .     Gourm    .   H - +0 shield
rNeg     . . .     Faith    .   s - +4 chain mail
rPois    +         Spirit   .   (helmet unavailable)
rElec    +         Reflect  .   G - +0 cloak of Cigisuqu {rElec rF- rCorr} (curse)
rCorr    +         Harm     .   r - +2 pair of gloves {Str+3}
MR       +....                  j - +2 pair of boots
Stlth    ..........             w - amulet of the acrobat
HPRegen  0.25/turn              p - ring of poison resistance
MPRegen  0.25/turn              V - ring of magical power

@: acrobat
A: permanent stasis, dig shafts and tunnels, four strong arms, antennae 3
a: Dig, Shaft Self, Renounce Religion


You were on level 1 of the Lair of Beasts.
You worshipped Vehumet.
Vehumet was greatly pleased with you.
You were not hungry.

You visited 3 branches of the dungeon, and saw 15 of its levels.

You collected 1128 gold pieces.

Inventory:

Hand Weapons
 e - the +3 falchion of the Gloaming {drain, -Tele rC+ Dex+3 Stlth+, unknown}
   (You found it on level 1 of the Lair of Beasts)

   A truly terrible weapon, it drains the life of those it strikes.
   It affects your dexterity (+3).
   It protects you from cold.
   It prevents most forms of teleportation.
   It makes you more stealthy.
 o - a +3 whip of electrocution (weapon)
 q - a +2 hunting sling of flaming
 C - a +3 flail
Missiles
 b - 286 stones (quivered)
Armour
 j - a +2 pair of boots (worn)
 r - a +2 pair of gloves of strength (worn)
 s - a +4 chain mail (worn)
 G - the cursed +0 cloak of Cigisuqu (worn) {rElec rF- rCorr}
   (You found it on level 9 of the Dungeon)

   It makes you vulnerable to fire.
   It insulates you from electricity.
   It provides partial protection from all sources of acid and corrosion.
   It has a curse placed upon it.
 H - a +0 shield (worn)
 S - +0 acid dragon scales
Magical Staves
 B - an uncursed staff of poison
Jewellery
 g - an uncursed ring of protection from cold
 p - a ring of poison resistance (left hand)
 w - an amulet of the acrobat (around neck)
 R - an uncursed ring of ice
 V - a ring of magical power (right hand)
Wands
 f - a wand of paralysis (4)
Scrolls
 a - 2 scrolls of magic mapping
 c - a scroll of fog
 h - 4 scrolls of identify
 i - a scroll of enchant armour
 n - 8 scrolls of remove curse
 E - 2 scrolls of fear
 P - a scroll of amnesia
Potions
 l - 2 potions of might
 m - 2 potions of agility
 t - 3 potions of cancellation
 u - 3 potions of curing
 z - 2 potions of brilliance
 A - a potion of invisibility
 J - a potion of heal wounds
 L - a potion of magic
 U - 2 potions of flight
Comestibles
 d - 31 rations


   Skills:
 + Level 5.0 Fighting
 + Level 7.2 Maces & Flails
 * Level 5.5 Armour
 + Level 4.9 Dodging
 + Level 5.5 Stealth
 * Level 2.9 Shields
 + Level 11.8 Spellcasting
 + Level 8.6 Conjurations
 + Level 2.7 Hexes
 + Level 1.1 Transmutations
 + Level 12.8 Earth Magic
 * Level 3.2 Poison Magic


You had 11 spell levels left.
You knew the following spells:

 Your Spells              Type           Power        Failure   Level  Hunger
a - Sandblast             Erth           ######       1%          1    None
b - Stone Arrow           Conj/Erth      ######       3%          3    None
c - Lee's Rapid Deconstr  Erth           ######....   11%         5    ####...
d - Confuse               Hex            ###.....     96%         3    None
e - Searing Ray           Conj           #####.       3%          2    None
f - Throw Frost           Conj/Ice       ####..       19%         2    None
g - Olgreb's Toxic Radia  Pois           ###.....     86%         4    ##.....
h - Petrify               Tmut/Erth      #####...     86%         4    ##.....

Your spell library contained the following spells:

 Spells                   Type           Power        Failure   Level  Hunger
 Spellforged Servitor     Conj/Summ      ####......   100%        7    #######
 Dazzling Spray           Conj/Hex       ####..       22%         3    None
 Passwall                 Tmut/Erth      #####...     26%         2    None
 Confusing Touch          Hex            ###...       67%         1    None
 Corona                   Hex            ###....      67%         1    None
 Ensorcelled Hibernation  Hex/Ice        ###...       95%         2    None
 Summon Small Mammal      Summ           ##..         96%         1    None
 Tukima's Dance           Hex            ###.....     96%         3    None
 Call Imp                 Summ           ##......     99%         2    None
 Summon Guardian Golem    Hex/Summ       ###.....     99%         3    None
 Call Canine Familiar     Summ           ##......     100%        3    None
 Gell's Gravitas          Tloc           ##........   100%        3    None
 Summon Ice Beast         Ice/Summ       ##......     100%        4    ##.....
 Summon Lightning Spire   Summ/Air       ##......     100%        4    ##.....
 Metabolic Englaciation   Hex/Ice        ###.......   100%        5    ####...
 Yara's Violent Unravell  Hex/Tmut       ###.......   100%        5    ####...


Dungeon Overview and Level Annotations

Branches:
Dungeon (13/15)            Temple (1/1) D:7            Lair (1/6) D:10
    Orc (0/2) D:12
 Vaults: D:13-14

Altars:
Ashenzari
Cheibriados
Dithmenos
Elyvilon
Fedhas
Gozag
Hepliaklqana
Kikubaaqudgha
Makhleb
Nemelex Xobeh
Okawaru
Qazlal
Ru
Sif Muna
Trog
Uskayaw
Vehumet
Wu Jian
Xom
Yredelemnul
Zin
The Shining One
Beogh
Lugonu

Shops:
D:11 *   D:12 ?[**

Annotations:
D:2 Sigmund
D:4 schauveau's ghost, novice HaHu
D:8 2 transporters
D:12 RatmanManrat's ghost, journeyman MiBe


Innate Abilities, Weirdness & Mutations

You cannot be hasted, slowed, berserked, paralysed or teleported.
You can dig through walls and to a lower floor.
Your four strong arms can wield two-handed weapons with a shield.
You have a pair of large antennae on your head. (SInv)


Message History

A fire dragon comes into view.
The fire dragon roars deafeningly!
Found a wand of paralysis (5) and 7 gold pieces.
The fire dragon is too close now for your liking.
Found 20 stones, a scroll of teleportation and 18 gold pieces.
Casting: Stone Arrow (safe; 3% risk of failure)
Confirm with . or Enter, or press ? or * to list all spells.
Aiming: Stone Arrow (safe; 3% risk of failure)
Press: ? - help, Shift-Dir - straight line, f - fire dragon
Aim: a fire dragon (lava)
The stone arrow hits the fire dragon!
The fire dragon is lightly wounded.
The fire dragon breathes flames at you. The blast of flame hits you!
The fire burns you terribly! The fire dragon breathes flames at you.
The blast of flame hits you!!! The fire burns you terribly!
The fire dragon breathes flames at you. The blast of flame hits you!!!
The fire burns you terribly!
Ouch! That really hurt!
You die...

......#
#..#
......#
##.#
......#
#.#
......#
#.##
......#
#..#
......#
##..##
......#
##....##
#.....#
#......#
......#
#....@.##
......#
##.......#
......#
#........#
......#
#§.....≈≈#
......#
#§§...D≈≈#
......#
#≈§.≈§≈≈§#
......#
#§§≈≈≈≈.≈#
......#
#≈§≈§≈...#
##.#.##
#§§§§≈...#


You could see a fire dragon.

Vanquished Creatures
  Gastronok (D:10)
  Erolcha (D:10)
  Fannar (D:12)
  2 hydras
  Erica (D:8)
  2 two-headed ogres
  2 centaur warriors
  2 deep elf magi
  2 cyclopes
  2 manticores
  Maurice (D:8)
  Joseph (D:8)
  A spiny frog (Lair:1)
  Psyche (D:8)
  A kobold demonologist (D:13)
  A centaur skeleton (D:12)
  4 trolls
  A hornet (D:8)
  Grinder (D:6)
  2 hippogriffs (D:11)
  A wyvern (D:9)
  Eustachio (D:6)
  A basilisk (D:12)
  30 yaks
  3 hungry ghosts
  A water moccasin (Lair:1)
  Edmund (D:4)
  An acid dragon (D:11)
  17 orc warriors
  4 necrophages
  A sky beast (shapeshifter) (D:12)
  2 eyes of draining
  A phantom (D:9)
  4 sky beasts
  3 black bears
  A wolf (D:10)
  7 ogres
  4 centaurs
  2 crocodiles (Lair:1)
  2 big kobolds
  6 bullfrogs
  10 killer bees
  12 wights
  A howler monkey (D:5)
  6 electric eels
  4 crimson imps
  5 centaur zombies
  2 quasits
  12 orc priests
  5 jellies
  9 hounds
  15 orc wizards
  2 iguanas
  10 worker ants
  Natasha (twice) (D:2)
  A hound zombie (D:7)
  A hound skeleton (D:7)
  A howler monkey zombie (D:6)
  13 gnolls
  2 worker ant zombies
  13 adders
  A howler monkey skeleton (D:6)
  A river rat (D:5)
  5 shadow imps
  An ooze (D:5)
  2 adder skeletons
  3 worms
  4 dart slugs
  4 leopard geckos
  82 orcs
  2 ball pythons
  7 giant cockroaches
  19 goblins
  17 hobgoblins
  12 jackals
  6 quokkas
  8 bats
  3 frilled lizards
  24 kobolds
  A leopard gecko skeleton (D:7)
  3 quokka skeletons
  A quokka zombie (D:6)
  4 rats
459 creatures vanquished.

Vanquished Creatures (others)
  A hound (D:10)
1 creature vanquished.

Grand Total: 460 creatures vanquished

Notes
Turn   | Place    | Note
-------+----------+-------------------------------------------
     0 | D:1      | funkygono the Formicid Earth Elementalist began the quest
                  | for the Orb.
     0 | D:1      | Reached XP level 1. HP: 13/13 MP: 3/3
   375 | D:1      | Reached XP level 2. HP: 19/19 MP: 1/5
   457 | D:1      | Reached skill level 4 in Earth Magic
  1200 | D:1      | Reached XP level 3. HP: 14/24 MP: 6/6
  1229 | D:1      | Learned a level 3 spell: Stone Arrow
  2293 | D:2      | Noticed Natasha
  2317 | D:2      | Killed Natasha
  2317 | D:2      | Reached skill level 1 in Maces & Flails
  2317 | D:2      | Reached XP level 4. HP: 8/30 MP: 0/8
  2796 | D:2      | Noticed Sigmund
  3150 | D:2      | Noticed Natasha
  3153 | D:2      | Killed Natasha
  3153 | D:2      | Reached XP level 5. HP: 28/36 MP: 5/9
  3195 | D:2      | Learned a level 5 spell: Lee's Rapid Deconstruction
  3290 | D:2      | Found a faded altar of an unknown god.
  4102 | D:3      | Reached XP level 6. HP: 42/42 MP: 3/11
  4241 | D:3      | Reached skill level 1 in Conjurations
  4394 | D:3      | Reached skill level 5 in Earth Magic
  4763 | D:3      | Found a white marble altar of Elyvilon.
  4765 | D:3      | Found a hazy altar of Hepliaklqana.
  5616 | D:4      | Noticed Edmund
  5635 | D:4      | Killed Edmund
  5635 | D:4      | Reached skill level 1 in Fighting
  5635 | D:4      | Reached XP level 7. HP: 12/48 MP: 2/12
  5757 | D:5      | Entered Level 5 of the Dungeon
  5757 | D:5      | Noticed a yak
  5761 | D:5      | Noticed a yak
  5762 | D:5      | Noticed a yak
  5764 | D:5      | Noticed a yak
  5765 | D:5      | Noticed a yak
  5766 | D:5      | Noticed a yak
  5818 | D:4      | Killed a yak
  5818 | D:4      | Reached skill level 1 in Armour
  6361 | D:5      | Killed a yak
  6361 | D:5      | Reached skill level 6 in Earth Magic
  6361 | D:5      | Reached XP level 8. HP: 47/54 MP: 1/15
  6372 | D:5      | Killed a yak
  6372 | D:5      | Reached skill level 5 in Spellcasting
  6412 | D:4      | Killed a yak
  6640 | D:4      | Killed a yak
  6647 | D:4      | Killed a yak
  6647 | D:4      | Reached skill level 7 in Earth Magic
  6875 | D:5      | Noticed an angel
  6940 | D:5      | Found a shimmering altar of Xom.
  6940 | D:5      | Found a glowing silver altar of Zin.
  6946 | D:5      | Reached XP level 9. HP: 61/61 MP: 13/17
  7363 | D:5      | Found a runed translucent door.
  7375 | D:5      | Noticed schauveau's ghost (novice HaHu)
  7404 | D:5      | Found a runed translucent door.
  8612 | D:6      | Reached skill level 8 in Earth Magic
  8982 | D:6      | Reached XP level 10. HP: 68/68 MP: 14/20
  9145 | D:6      | Noticed Eustachio
  9169 | D:6      | Killed Eustachio
  9169 | D:6      | Reached skill level 9 in Earth Magic
  9318 | D:6      | Noticed Grinder
  9343 | D:6      | Killed Grinder
  9736 | D:6      | Learned a level 3 spell: Confuse
  9944 | D:7      | Reached skill level 5 in Maces & Flails
 10230 | D:7      | Found a staircase to the Ecumenical Temple.
 10236 | Temple   | Entered the Ecumenical Temple
 10303 | Temple   | Became a worshipper of Vehumet
 10820 | D:7      | Reached skill level 5 in Conjurations
 11242 | D:8      | Noticed Maurice
 11248 | D:8      | Killed Maurice
 11248 | D:8      | Reached skill level 10 in Earth Magic
 11475 | D:8      | Noticed Erica
 11490 | D:8      | Killed Erica
 11490 | D:8      | Reached XP level 11. HP: 48/75 MP: 1/23
 11710 | D:8      | Found a transporter.
 11737 | D:8      | Found a corrupted altar of Lugonu.
 11737 | D:8      | Noticed an unseen horror
 11861 | D:8      | Noticed Psyche
 11867 | D:8      | Killed Psyche
 11867 | D:8      | Reached * piety under Vehumet
 11867 | D:8      | Offered knowledge of Shock by Vehumet.
 12423 | D:8      | Found a transporter.
 12424 | D:8      | Noticed a green ugly thing
 12429 | D:8      | Noticed a white ugly thing
 12557 | D:8      | Noticed Joseph
 12565 | D:8      | Killed Joseph
 13256 | D:9      | You fall through a shaft for 2 floors!
 13287 | D:11     | Noticed a two-headed ogre
 13299 | D:11     | Killed a two-headed ogre
 13437 | D:10     | Entered Level 10 of the Dungeon
 13575 | D:10     | Reached skill level 11 in Earth Magic
 13643 | D:10     | Offered knowledge of Searing Ray by Vehumet.
 13647 | D:10     | Learned a level 2 spell: Searing Ray
 13818 | D:10     | Reached ** piety under Vehumet
 14006 | D:9      | Noticed a centaur warrior
 14016 | D:9      | Killed a centaur warrior
 14072 | D:9      | Got a pitted cloak
 14083 | D:9      | Identified the cursed +0 cloak of Cigisuqu {rElec rF-
                  | rCorr} (You found it on level 9 of the Dungeon)
 14104 | D:9      | Reached skill level 1 in Hexes
 14149 | D:9      | Noticed a two-headed ogre
 14157 | D:9      | Killed a two-headed ogre
 14157 | D:9      | Reached XP level 12. HP: 70/84 MP: 10/25
 14528 | D:10     | Noticed Erolcha
 14619 | D:10     | Killed Erolcha
 14619 | D:10     | Reached skill level 10 in Spellcasting
 14653 | D:10     | Offered knowledge of Throw Frost by Vehumet.
 14902 | D:10     | Noticed Gastronok
 14987 | D:10     | Killed Gastronok
 14987 | D:10     | Reached skill level 5 in Stealth
 15201 | D:10     | Found a staircase to the Lair.
 15204 | D:10     | Reached *** piety under Vehumet
 15519 | D:10     | Learned a level 2 spell: Throw Frost
 15539 | D:11     | You fall through a shaft for 2 floors!
 15606 | D:13     | Reached skill level 12 in Earth Magic
 15764 | D:13     | Noticed a centaur warrior
 15777 | D:13     | Killed a centaur warrior
 15924 | D:12     | Offered knowledge of Olgreb's Toxic Radiance by Vehumet.
 15927 | D:12     | Found a stormy altar of Qazlal.
 15974 | D:12     | Found a runed translucent gate.
 15975 | D:12     | Noticed RatmanManrat's ghost (journeyman MiBe)
 15975 | D:12     | Found a runed translucent gate.
 15976 | D:12     | Found a runed translucent gate.
 15982 | D:12     | Found a roughly hewn altar of Beogh.
 16118 | D:12     | Learned a level 4 spell: Olgreb's Toxic Radiance
 16146 | D:12     | Identified the amulet of Guseen {Faith rPois rC- MP-9
                  | Dex+8}
 16288 | D:12     | Found Zioss's Antique Armour Shoppe.
 16305 | D:12     | Noticed a seven-headed hydra
 16315 | D:12     | Killed a seven-headed hydra
 16435 | D:12     | Found Gocat's Assorted Antiques.
 16558 | D:12     | Reached **** piety under Vehumet
 16558 | D:12     | Reached skill level 1 in Poison Magic
 16724 | D:12     | Reached XP level 13. HP: 81/90 MP: 6/28
 16838 | D:12     | Found Ilyeteam's Assorted Antiques.
 16867 | D:12     | Offered knowledge of Throw Icicle by Vehumet.
 16897 | D:12     | Learned a level 4 spell: Petrify
 17282 | D:12     | Found a staircase to the Orcish Mines.
 17330 | D:12     | Found Qeotanol's Magic Scroll Shop.
 17457 | D:12     | Noticed Fannar
 17465 | D:12     | Killed Fannar
 18535 | D:11     | Reached ***** piety under Vehumet
 18594 | D:11     | Offered knowledge of Spellforged Servitor by Vehumet.
 18739 | D:11     | Found Exuomo's General Store.
 18847 | D:11     | Reached skill level 1 in Shields
 18870 | D:11     | Reached skill level 5 in Armour
 19148 | D:11     | Reached skill level 5 in Fighting
 19514 | Lair:1   | Entered Level 1 of the Lair of Beasts
 19790 | Lair:1   | Got a translucent falchion
 19803 | Lair:1   | Noticed an eight-headed hydra
 19808 | Lair:1   | Killed an eight-headed hydra
 20448 | Lair:1   | Noticed a fire dragon
 20455 | Lair:1   | Killed from afar by a fire dragon

Skill      XL: |  1  2  3  4  5  6  7  8  9 10 11 12 13 |
---------------+----------------------------------------+-----
Earth Magic    | 4 5 6 7 8 10 11 12 | 12.8
Dodging        | 2 3 4 |  4.9
Maces & Flails | 1 2 3 4 5 6 7 |  7.2
Spellcasting   | 3 4 5 7 8 9 11 | 11.8
Stealth        | 3 4 5 |  5.5
Conjurations   | 1 2 4 5 6 8 |  8.6
Fighting       | 1 2 3 4 5 |  5.0
Armour         | 2 3 4 5 |  5.5
Hexes          | 1 2 |  2.7
Poison Magic   | 1 3 |  3.2
Shields        | 2 |  2.9
Transmutations | |  1.1

Action                   |  1- 3 |  4- 6 |  7- 9 | 10-12 | 13-15 || total
-------------------------+-------+-------+-------+-------+-------++-------
Melee: Unarmed           |     8 |       |       |       |       ||     8
       Club              |    81 |    73 |       |       |       ||   154
       Whip              |       |    31 |   103 |   317 |   130 ||   581
 Cast: Sandblast         |    29 |    31 |    35 |    22 |    15 ||   132
       Stone Arrow       |    11 |    45 |    82 |   291 |   123 ||   552
       Lee's Rapid Decon |       |       |     3 |     1 |     7 ||    11
       Confuse           |       |       |       |     7 |     3 ||    10
       Searing Ray       |       |       |       |     5 |       ||     5
       Olgreb's Toxic Ra |       |       |       |     4 |     3 ||     7
       Throw Frost       |       |       |       |       |     3 ||     3
 Abil: Dig               |       |     9 |       |       |       ||     9
  Use: Scroll            |     3 |     8 |     4 |     8 |     6 ||    29
       Potion            |     1 |     1 |     2 |     1 |     3 ||     8
 Stab: Sleeping          |       |       |     2 |     1 |       ||     3
       Invisible         |       |       |       |       |     4 ||     4
       Confused          |       |       |       |       |     2 ||     2
  Eat: Chunk             |     6 |    17 |    16 |    21 |    12 ||    72
       Ration            |       |       |       |     2 |     1 ||     3
Armor: Robe              |    15 |    26 |       |       |       ||    41
       Leather armour    |       |    10 |    21 |   104 |    26 ||   161
       Chain mail        |       |       |       |       |    56 ||    56
Dodge: Dodged            |    78 |    82 |    79 |   243 |    75 ||   557
Block: Shield            |       |       |       |       |    54 ||    54
